[Event "ICC Open 2015"]
[Site "Internet Chess Club"]
[Date "2015.05.29"]
[Round "6"]
[White "Havank"]
[Black "Satyricon"]
[Result "1/2-1/2"]
[ICCResult "Black ran out of time and White has no material to mate"]
[WhiteElo "2084"]
[BlackElo "2234"]
[Opening "Nimzo-Indian: three knights variation"]
[ECO "E21"]
[NIC "NI.26"]
[Time "15:03:28"]
[TimeControl "180+0"]

1. d4 Nf6 2. c4 e6 3. Nc3 Bb4 4. Nf3 b6 5. Qb3 c5 6. Bg5 Bb7 7. O-O-O h6 8.
Bh4 Nc6 9. d5 Na5 10. Qc2 g5 11. Bg3 exd5 12. cxd5 O-O 13. e4 Re8 14. e5
Bxc3 15. bxc3 Nxd5 16. h4 g4 17. Nh2 Re6 18. Qf5 Nxc3 19. Bd3 Nxd1 20. Qh7+
Kf8 21. Rxd1 c4 22. Bf5 Qc7 23. Bxe6 dxe6 24. Qh8+ Ke7 25. Qf6+ Ke8 26. Nxg4
Rd8 27. Rd6 Bxg2 28. h5 Nb7 29. Bh4 Nxd6 30. Qh8+ Kd7 31. Bxd8 Qxd8 32.
Qxd8+ Kxd8 33. exd6 Bf3 34. Nxh6 Bxh5 35. Ng8 Kd7 36. Nf6+ Kxd6 37. Nxh5 Kc5
38. Nf4 Kd4 39. Kd2 b5 40. Ne2+ Kc5 41. Ke3 a5 42. Nd4 b4 43. Nc2 Kb5 44.
Kd4 a4 45. Ne3 b3 46. axb3 cxb3 47. Kc3 f5 48. f4 Kc5 49. Nc4 b2 50. Nxb2
Kd5 51. Kd3 a3 52. Nd1 e5 53. Nc3+ Ke6 54. Na2 exf4 55. Ke2 Kd5 56. Kf3 Kc4
57. Kxf4 Kb3 58. Nc1+ Kb2 59. Nd3+ Kc3 60. Nc5 a2 61. Ne4+ Kb4 62. Nd6 a1=Q
63. Nc8 {Black ran out of time and White has no material to mate} 1/2-1/2

[Event "ICC Open 2015"]
[Site "Internet Chess Club"]
[Date "2015.05.29"]
[Round "6"]
[White "savlanut"]
[Black "bythebook"]
[Result "0-1"]
[ICCResult "White checkmated"]
[WhiteElo "1242"]
[BlackElo "1721"]
[Opening "King's Indian defense, 3.Nc3"]
[ECO "E61"]
[NIC "KI.80"]
[Time "15:04:26"]
[TimeControl "180+0"]

1. d4 Nf6 2. c4 g6 3. Nc3 Bg7 4. Nf3 O-O 5. Bf4 d6 6. e3 Bf5 7. Bd3 Bxd3 8.
Qxd3 Nbd7 9. O-O Re8 10. b4 e5 11. dxe5 dxe5 12. Bg3 e4 13. Nxe4 Nxe4 14.
Nd4 c5 15. bxc5 Ndxc5 16. Qc2 Nxg3 17. hxg3 Bxd4 18. exd4 Qxd4 19. Rad1 Qe4
20. Qc3 Rad8 21. Rde1 Qd3 22. Qf6 Ne6 23. c5 Qd4 24. Qxd4 Rxd4 25. Rc1 Rc8
26. Rfe1 Rxc5 27. Rxc5 Nxc5 28. Re7 Rd7 29. Re8+ Kg7 30. Ra8 b5 31. Rb8 Rb7
32. Rc8 Ne6 33. Rc2 a5 34. a3 b4 35. a4 b3 36. Rb2 Nc5 37. Kf1 Nxa4 38. Rb1
b2 39. Ke1 Nc3 40. Rd1 Nxd1 41. Kxd1 b1=Q+ 42. Ke2 Qb3 43. f4 Rc7 44. Kd2
Rc2+ 45. Kd1 Qb1# {White checkmated} 0-1

[Event "ICC Open 2015"]
[Site "Internet Chess Club"]
[Date "2015.05.29"]
[Round "6"]
[White "TheSettersDad"]
[Black "HaraldEskilstu"]
[Result "0-1"]
[ICCResult "White forfeits on time"]
[WhiteElo "1499"]
[BlackElo "2006"]
[Opening "Queen's pawn game, Chigorin variation"]
[ECO "D02"]
[NIC "QP.08"]
[Time "15:05:41"]
[TimeControl "180+0"]

1. d4 d5 2. Nf3 Nc6 3. c4 Bg4 4. Nbd2 e6 5. e3 Nf6 6. Be2 Be7 7. O-O O-O 8.
b3 Re8 9. Bb2 h6 10. h3 Bf5 11. a3 a6 12. b4 Ne4 13. Nxe4 Bxe4 14. Nd2 Bg6
15. Bf3 Bf6 16. Qb3 Ne7 17. Rac1 c6 18. Rfe1 Qd7 19. cxd5 exd5 20. a4 b5 21.
a5 Nf5 22. Be2 Nd6 23. Bf1 Nc4 24. Qc3 Be7 25. Nb3 Bd6 26. Nc5 Bxc5 27. dxc5
f6 28. Red1 Qf7 29. Rd4 Re4 30. Rxe4 Bxe4 31. Ba1 Re8 32. f3 Bf5 33. e4 dxe4
34. Bxc4 bxc4 35. fxe4 Bxe4 36. Qxc4 Bd5 37. Qxa6 Qg6 38. Qf1 Re3 39. Bd4
Rg3 {White forfeits on time} 0-1

[Event "ICC Open 2015"]
[Site "Internet Chess Club"]
[Date "2015.05.29"]
[Round "6"]
[White "wolwerine"]
[Black "nihil95"]
[Result "1-0"]
[ICCResult "Black resigns"]
[WhiteElo "2166"]
[BlackElo "1695"]
[Opening "King's pawn opening"]
[ECO "B07"]
[NIC "VO.17"]
[Time "15:07:43"]
[TimeControl "180+0"]

1. e4 d6 2. d4 c6 3. c4 g6 4. Nc3 Bg7 5. Nf3 Nf6 6. Be3 O-O 7. Be2 Bg4 8. h3
Bxf3 9. Bxf3 Qc7 10. Qd2 Nbd7 11. Bh6 e5 12. Bxg7 Kxg7 13. O-O-O a6 14. g4
b5 15. g5 Ne8 16. dxe5 Nxe5 17. Be2 Nxc4 18. Bxc4 bxc4 19. h4 Rb8 20. h5 Qe7
21. f4 a5 22. hxg6 fxg6 23. Qd4+ Kg8 24. f5 Qe5 25. fxg6 hxg6 26. Qxc4+ Kg7
27. Qxc6 Qxg5+ 28. Rd2 Qe5 29. Qd7+ Rf7 30. Rh7+ Kxh7 31. Qxf7+ {Black
resigns} 1-0

[Event "ICC Open 2015"]
[Site "Internet Chess Club"]
[Date "2015.05.29"]
[Round "6"]
[White "chabotheking"]
[Black "Chessfreak"]
[Result "1-0"]
[ICCResult "Black resigns"]
[WhiteElo "2412"]
[BlackElo "1818"]
[Opening "Van't Kruijs opening"]
[ECO "B13"]
[Time "15:06:54"]
[TimeControl "180+0"]

1. e3 c5 2. d4 cxd4 3. exd4 d5 4. Nf3 Nc6 5. Bb5 e6 6. Bxc6+ bxc6 7. Ne5 Qc7
8. O-O Ne7 9. c4 Ng6 10. f4 f5 11. Nc3 Be7 12. c5 Nxe5 13. fxe5 O-O 14. Ne2
g5 15. Ng3 Ba6 16. Rf2 Kf7 17. Qh5+ Kg8 18. Bxg5 Bxg5 19. Qxg5+ Qg7 20.
Qxg7+ Kxg7 21. Nh5+ Kg6 22. Nf4+ Kf7 23. g4 Rg8 24. h3 h5 25. Nxh5 Rg5 26.
Kh2 Bd3 27. Nf4 Be4 28. Rg1 Rh8 29. Rg3 fxg4 30. Nxd5+ Kg6 31. Nf4+ Kf7 32.
Kg1 Bf5 33. hxg4 Rhg8 34. Kf1 Rxg4 35. Rxg4 Rxg4 36. Ke2 Ke7 37. Ke3 Bb1 38.
Rg2 Rxg2 39. Nxg2 Bxa2 40. b4 Bc4 41. Kd2 Kf7 42. Ne3 Bb5 43. Kc3 Kg6 44.
Ng4 Kg5 45. Nf6 Kf5 46. Ne8 Ke4 47. Nd6+ Kd5 48. Nxb5 cxb5 49. Kd3 a6 50.
Ke3 Kc4 51. c6 Kxb4 52. c7 Ka4 53. c8=Q b4 54. Kd3 {Black resigns} 1-0

[Event "ICC Open 2015"]
[Site "Internet Chess Club"]
[Date "2015.05.29"]
[Round "7"]
[White "FedoseevVl95"]
[Black "Baltimora"]
[Result "1-0"]
[ICCResult "Black resigns"]
[WhiteElo "3092"]
[BlackElo "2358"]
[Opening "English: symmetrical, hedgehog system"]
[ECO "A05"]
[NIC "EO.40"]
[Time "15:17:03"]
[TimeControl "180+0"]

1. Nf3 Nf6 2. g3 b6 3. Bg2 Bb7 4. O-O e6 5. c4 c5 6. Nc3 Be7 7. Re1 O-O 8.
e4 d6 9. d4 cxd4 10. Nxd4 Qc8 11. b3 Rd8 12. Bb2 Nc6 13. Rc1 Nxd4 14. Qxd4
Qc5 15. Qxc5 dxc5 16. e5 Bxg2 17. exf6 Bxf6 18. Kxg2 Rd2 19. Ba1 Rad8 20.
Ne4 Rxa2 21. Nxf6+ gxf6 22. Bxf6 Rdd2 23. Rf1 Re2 24. Rcd1 h6 25. h4
{Black resigns}
1-0

[Event "ICC Open 2015"]
[Site "Internet Chess Club"]
[Date "2015.05.29"]
[Round "7"]
[White "LittleDonkey"]
[Black "TudoracheM"]
[Result "1-0"]
[ICCResult "Black resigns"]
[WhiteElo "2345"]
[BlackElo "1858"]
[Opening "Sicilian: Pelikan (Lasker/Sveshnikov) variation"]
[ECO "B33"]
[NIC "SI.35"]
[Time "15:18:03"]
[TimeControl "180+0"]

1. e4 c5 2. Nf3 Nc6 3. d4 cxd4 4. Nxd4 Nf6 5. Nc3 e5 6. Ndb5 d6 7. a4 Be6 8.
Bg5 Be7 9. Bxf6 gxf6 10. Qh5 a6 11. Na3 Qd7 12. Nc4 f5 13. Nb6 Qc7 14. Nxa8
{Black resigns}
1-0

[Event "ICC Open 2015"]
[Site "Internet Chess Club"]
[Date "2015.05.29"]
[Round "7"]
[White "Huemul"]
[Black "a-man"]
[Result "0-1"]
[ICCResult "White resigns"]
[WhiteElo "1324"]
[BlackElo "1495"]
[Opening "Scotch game"]
[ECO "C45"]
[NIC "SO.04"]
[Time "15:17:02"]
[TimeControl "180+0"]

1. e4 e5 2. Nf3 Nc6 3. d4 exd4 4. Nxd4 Nxd4 5. Qxd4 Nf6 6. Bd3 Be7 7. e5 Ng8
8. O-O f6 9. exf6 Nxf6 10. Nc3 O-O 11. Qc4+ d5 12. Qb3 Be6 13. Qxb7 d4 14.
Nb5 Bd5 15. Qxc7 Qxc7 16. Nxc7 Rac8 17. Nxd5 Nxd5 18. Re1 Bd6 19. c3 dxc3
20. bxc3 Nxc3 21. Bb2 Nd5 22. Re6 Bc5 23. Rf1 Nf4 24. Re4 Nxd3 {White
resigns} 0-1

[Event "ICC Open 2015"]
[Site "Internet Chess Club"]
[Date "2015.05.29"]
[Round "7"]
[White "RLH2"]
[Black "PajoPatak"]
[Result "1-0"]
[ICCResult "Black resigns"]
[WhiteElo "2877"]
[BlackElo "1516"]
[Opening "English: Wimpey system"]
[ECO "A01"]
[NIC "VO.08"]
[Time "15:18:22"]
[TimeControl "180+0"]

1. b3 Nf6 2. Bb2 e6 3. Nf3 d5 4. e3 c5 5. c4 Nc6 6. cxd5 exd5 7. Bb5 Be7 8.
O-O Be6 9. d4 cxd4 10. Nxd4 Rc8 11. Nxe6 fxe6 12. Nc3 O-O 13. Rc1 a6 14. Bd3
e5 15. Nxd5 e4 16. Bxf6 Bxf6 17. Bxe4 Ne5 18. Rxc8 Qxc8 19. Qh5 g6 20. Nxf6+
{Black resigns}
1-0

[Event "ICC Open 2015"]
[Site "Internet Chess Club"]
[Date "2015.05.29"]
[Round "7"]
[White "olivermx"]
[Black "jensak"]
[Result "0-1"]
[ICCResult "White resigns"]
[WhiteElo "804"]
[BlackElo "1621"]
[Opening "Ruy Lopez: modern Steinitz defense"]
[ECO "C75"]
[NIC "RL.11"]
[Time "15:18:04"]
[TimeControl "180+0"]

1. e4 e5 2. Nf3 Nc6 3. Bb5 a6 4. Ba4 d6 5. c3 Bd7 6. d4 exd4 7. cxd4 Nf6 8.
Bc2 Nb4 9. Nc3 Bg4 10. O-O Be7 11. h3 Bxf3 12. Qxf3 Nxc2 13. Rb1 Nxd4 14.
Qd3 Nc6 15. Bd2 O-O {White resigns} 0-1

[Event "ICC Open 2015"]
[Site "Internet Chess Club"]
[Date "2015.05.29"]
[Round "7"]
[White "Estocolmov"]
[Black "BillietheKid"]
[Result "1-0"]
[ICCResult "Black resigns"]
[WhiteElo "2228"]
[BlackElo "1458"]
[Opening "QGD semi-Slav"]
[ECO "D43"]
[NIC "QO.16"]
[Time "15:18:15"]
[TimeControl "180+0"]

1. d4 d5 2. c4 e6 3. Nc3 Nf6 4. Nf3 c6 5. Bg5 Be7 6. e3 O-O 7. cxd5 exd5 8.
Qc2 Bg4 9. Bd3 Bxf3 10. gxf3 Nbd7 11. O-O-O g6 12. h4 Re8 13. h5 Bf8 14.
hxg6 fxg6 15. Bxg6 hxg6 16. Qxg6+ Bg7 17. Rdg1 Qe7 18. Bh6 {Black resigns}
1-0

[Event "ICC Open 2015"]
[Site "Internet Chess Club"]
[Date "2015.05.29"]
[Round "7"]
[White "fireland"]
[Black "Inmune"]
[Result "1-0"]
[ICCResult "Black resigns"]
[WhiteElo "3052"]
[BlackElo "2983"]
[Opening "QGA, Smyslov variation"]
[ECO "D25"]
[NIC "QG.08"]
[Time "15:17:16"]
[TimeControl "180+0"]

1. d4 d5 2. Nf3 Nf6 3. c4 dxc4 4. e3 g6 5. Bxc4 Bg7 6. O-O O-O 7. Nc3 Ne8 8.
h3 Nd6 9. Bb3 b5 10. a3 Bb7 11. Re1 Nd7 12. e4 e5 13. Bg5 Qe8 14. Nd5 h6 15.
Nxc7 Qc8 16. dxe5 Nxe4 17. Nd5 Bxd5 18. Bxd5 Nxg5 19. Nxg5 Nxe5 20. Bxa8
Qxa8 21. Ne4 Rd8 22. Qe2 Nd3 23. Red1 Nf4 24. Rxd8+ Qxd8 25. Qxb5 Qd4 26.
Qb8+ Kh7 27. Qxf4 {Black resigns} 1-0

[Event "ICC Open 2015"]
[Site "Internet Chess Club"]
[Date "2015.05.29"]
[Round "7"]
[White "motipen"]
[Black "maki89"]
[Result "0-1"]
[ICCResult "White resigns"]
[WhiteElo "1927"]
[BlackElo "2357"]
[Opening "Mieses opening"]
[ECO "A00"]
[NIC "VO.13"]
[Time "15:17:30"]
[TimeControl "180+0"]

1. d3 g6 2. g3 Bg7 3. Bg2 c5 4. Nf3 Nc6 5. O-O d5 6. Nbd2 e6 7. e4 Nge7 8.
Re1 b6 9. exd5 exd5 10. c4 O-O 11. Qa4 Bd7 12. Qa3 Nb4 13. Qb3 a5 14. d4 a4
15. Qe3 Nf5 {White resigns} 0-1

[Event "ICC Open 2015"]
[Site "Internet Chess Club"]
[Date "2015.05.29"]
[Round "7"]
[White "cap78red"]
[Black "Chisel"]
[Result "0-1"]
[ICCResult "White checkmated"]
[WhiteElo "1345"]
[BlackElo "1699"]
[Opening "English opening"]
[ECO "A21"]
[NIC "EO.23"]
[Time "15:18:21"]
[TimeControl "180+0"]

1. c4 e5 2. Nc3 Bc5 3. Nf3 Nc6 4. g3 d6 5. Bg2 Nf6 6. d3 Bg4 7. Bh3 Bxh3 8.
Ng5 Bg4 9. h3 Bh5 10. g4 Bg6 11. h4 h6 12. h5 hxg5 13. Bxg5 Bxf2+ 14. Kxf2
Nxg4+ 15. Kg3 Qxg5 16. e4 Ne3+ 17. Kh2 Nxd1 18. Raxd1 Rxh5# {White
checkmated} 0-1

[Event "ICC Open 2015"]
[Site "Internet Chess Club"]
[Date "2015.05.29"]
[Round "7"]
[White "robwilby"]
[Black "kolding"]
[Result "0-1"]
[ICCResult "White checkmated"]
[WhiteElo "1202"]
[BlackElo "1775"]
[Opening "Giuoco Pianissimo: Italian four knights variation"]
[ECO "C28"]
[NIC "VG.04"]
[Time "15:17:23"]
[TimeControl "180+0"]

1. Nc3 e5 2. e4 Nc6 3. Bc4 Nf6 4. d3 Bc5 5. Nf3 d6 6. O-O Bg4 7. h3 Bh5 8.
g4 Nxg4 9. hxg4 Bxg4 10. Kg2 h5 11. Rh1 Ne7 12. Nd5 Nxd5 13. Bxd5 c6 14. Bb3
Qf6 15. Bg5 Qg6 16. Qd2 f6 17. Bh4 O-O-O 18. c3 Bxf3+ 19. Kxf3 Qg4#
{White checkmated}
0-1

[Event "ICC Open 2015"]
[Site "Internet Chess Club"]
[Date "2015.05.29"]
[Round "7"]
[White "Glamurius"]
[Black "Zigfrid"]
[Result "1-0"]
[ICCResult "Black resigns"]
[WhiteElo "2997"]
[BlackElo "3131"]
[Opening "QGD semi-Slav: Stoltz variation"]
[ECO "D45"]
[NIC "SL.08"]
[Time "15:17:17"]
[TimeControl "180+0"]

1. d4 d5 2. Nf3 Nf6 3. c4 e6 4. Nc3 c6 5. e3 Nbd7 6. Qc2 Bd6 7. b3 O-O 8.
Bb2 Qe7 9. h3 b6 10. g4 Bb7 11. g5 Ne8 12. Bd3 f5 13. gxf6 Nexf6 14. O-O-O
e5 15. dxe5 Nxe5 16. Nxe5 Bxe5 17. Rhg1 Rf7 18. Kb1 Kh8 19. h4 dxc4 20. Bxc4
Rff8 21. Rg5 Rad8 22. Rdg1 Ne8 23. Rh5 Nf6 24. Rhg5 Ne8 25. Qxh7+
{Black resigns}
1-0

[Event "ICC Open 2015"]
[Site "Internet Chess Club"]
[Date "2015.05.29"]
[Round "7"]
[White "chessdjw"]
[Black "ErnestoRondon"]
[Result "1-0"]
[ICCResult "Black resigns"]
[WhiteElo "2195"]
[BlackElo "1852"]
[Opening "Réti opening"]
[ECO "A04"]
[NIC "QP.10"]
[Time "15:16:59"]
[TimeControl "180+0"]

1. Nf3 c5 2. g3 Nc6 3. Bg2 e5 4. c4 Nf6 5. O-O d5 6. cxd5 Nxd5 7. Nc3 Be6 8.
d3 f6 9. Nd2 Be7 10. Nc4 O-O 11. Nxd5 Bxd5 12. Be3 Bxg2 13. Kxg2 Nd4 14.
Bxd4 cxd4 15. Qb3 Qd5+ 16. Kg1 Kh8 17. Rfc1 Rfc8 18. a4 b6 19. Rc2 Bc5 20.
Rac1 a5 21. Qb5 Rab8 22. Nxb6 Rxb6 23. Rxc5 Rxc5 24. Rxc5 {Black resigns}
1-0

[Event "ICC Open 2015"]
[Site "Internet Chess Club"]
[Date "2015.05.29"]
[Round "7"]
[White "holderlin"]
[Black "savlanut"]
[Result "1-0"]
[ICCResult "Black resigns"]
[WhiteElo "1622"]
[BlackElo "1245"]
[Opening "Ruy Lopez: Berlin defense, 4.O-O, d6"]
[ECO "C66"]
[NIC "RL.02"]
[Time "15:17:04"]
[TimeControl "180+0"]

1. e4 e5 2. Nf3 Nc6 3. Bb5 d6 4. O-O Nf6 5. d3 g6 6. c3 Bg7 7. h3 O-O 8. Be3
a6 9. Ba4 b5 10. Bc2 Nh5 11. d4 exd4 12. cxd4 f5 13. d5 Ne5 14. Ng5 f4 15.
Ne6 Bxe6 16. dxe6 fxe3 17. Bb3 Nc4 18. Qd5 Qe7 19. Nc3 exf2+ 20. Rxf2 Rxf2
21. Kxf2 Qf6+ 22. Kg1 Ng3 23. e7+ Kh8 24. Qxa8+ {Black resigns} 1-0

[Event "ICC Open 2015"]
[Site "Internet Chess Club"]
[Date "2015.05.29"]
[Round "7"]
[White "dietcoke"]
[Black "chabotheking"]
[Result "1-0"]
[ICCResult "Black resigns"]
[WhiteElo "2203"]
[BlackElo "2403"]
[Opening "French: Fort Knox variation"]
[ECO "C10"]
[NIC "FR.07"]
[Time "15:17:26"]
[TimeControl "180+0"]

1. e4 e6 2. d4 d5 3. Nc3 dxe4 4. Nxe4 Bd7 5. Nf3 Bc6 6. Bd3 Bxe4 7. Bxe4 c6
8. O-O Nf6 9. Bd3 Bd6 10. c4 Nbd7 11. Re1 O-O 12. b3 Re8 13. Bb2 Nf8 14. Ne5
Ng6 15. Nxg6 hxg6 16. Qf3 a5 17. a4 Bb4 18. Re2 Qd7 19. Rd1 Rad8 20. h3 b6
21. Bc2 Qc7 22. g3 c5 23. d5 exd5 24. Bxf6 Rxe2 25. Bxd8 Qxd8 26. Qxe2 d4
27. Be4 Bc3 28. Rd3 Qf6 29. Qf3 Qe6 30. Kg2 Kh7 {Black resigns} 1-0

[Event "ICC Open 2015"]
[Site "Internet Chess Club"]
[Date "2015.05.29"]
[Round "7"]
[White "Sherlocked"]
[Black "shortcastle"]
[Result "1-0"]
[ICCResult "Black resigns"]
[WhiteElo "1937"]
[BlackElo "1593"]
[Opening "Grünfeld: Stockholm variation"]
[ECO "D80"]
[NIC "GI.03"]
[Time "15:17:50"]
[TimeControl "180+0"]

1. d4 Nf6 2. c4 g6 3. Nc3 d5 4. Bg5 Ne4 5. Bf4 Nxc3 6. bxc3 dxc4 7. e3 b5 8.
Nf3 Bg7 9. a4 c6 10. Qb1 Bd7 11. Ne5 O-O 12. Be2 f6 13. Nxd7 Qxd7 14. axb5
cxb5 15. Bf3 Nc6 16. Qxb5 Rfc8 17. O-O Rab8 18. Bxb8 Rxb8 19. Qxc6 Qb7 20.
Qxb7 Rxb7 21. Bxb7 e5 22. Bd5+ Kf8 23. Rxa7 f5 24. Rf7+ Kg8 25. Ra1 h5 26.
Ra8+ Kh7 27. Raf8 Kh6 28. Rg8 Kg5 29. Rgxg7 f4 30. g3 fxg3 31. hxg3
{Black resigns}
1-0

[Event "ICC Open 2015"]
[Site "Internet Chess Club"]
[Date "2015.05.29"]
[Round "7"]
[White "jps7"]
[Black "escorpionx"]
[Result "0-1"]
[ICCResult "White checkmated"]
[WhiteElo "1616"]
[BlackElo "1605"]
[Opening "Queen's pawn"]
[ECO "A40"]
[NIC "QO.17"]
[Time "15:17:07"]
[TimeControl "180+0"]

1. d4 e6 2. Nf3 d5 3. e3 g6 4. Bd3 Bg7 5. O-O f5 6. b3 Nf6 7. Ba3 Nc6 8.
Nbd2 Ne7 9. Ne5 O-O 10. c4 c6 11. cxd5 exd5 12. Qc2 Re8 13. f4 Be6 14. Rac1
Nc8 15. Ndf3 Nd6 16. Ng5 Nde4 17. Nxe6 Rxe6 18. Bxe4 Nxe4 19. Rf3 Qe8 20.
Rh3 Rc8 21. Qe2 b6 22. Nf3 c5 23. Ng5 Nxg5 24. fxg5 cxd4 25. Rxc8 Qxc8 26.
Qf2 dxe3 27. Qh4 Qc2 28. Qe1 d4 29. Qc1 Qf2+ 30. Kh1 e2 31. Bb4 Qf1+ 32.
Qxf1 exf1=Q# {White checkmated} 0-1

[Event "ICC Open 2015"]
[Site "Internet Chess Club"]
[Date "2015.05.29"]
[Round "7"]
[White "brauliocuarta"]
[Black "Doondoon"]
[Result "1-0"]
[ICCResult "Black resigns"]
[WhiteElo "2041"]
[BlackElo "1701"]
[Opening "Benoni: Taimanov variation"]
[ECO "A67"]
[NIC "BI.38"]
[Time "15:18:00"]
[TimeControl "180+0"]

1. d4 Nf6 2. c4 c5 3. d5 e6 4. Nc3 exd5 5. cxd5 d6 6. e4 g6 7. f4 Bg7 8.
Bb5+ Bd7 9. e5 dxe5 10. fxe5 Ng8 11. Nf3 Ne7 12. O-O O-O 13. Be2 Bg4 14. Bg5
Qd7 15. Bb5 {Black resigns} 1-0

[Event "ICC Open 2015"]
[Site "Internet Chess Club"]
[Date "2015.05.29"]
[Round "7"]
[White "IssaNissa"]
[Black "Rembrand"]
[Result "0-1"]
[ICCResult "White resigns"]
[WhiteElo "1840"]
[BlackElo "2118"]
[Opening "Queen's pawn game"]
[ECO "A45"]
[NIC "QP.07"]
[Time "15:17:34"]
[TimeControl "180+0"]

1. d4 Nf6 2. c3 e6 3. Nf3 d5 4. Bg5 c5 5. e3 Be7 6. Bd3 Nbd7 7. Nbd2 a6 8.
Qe2 b6 9. O-O Bb7 10. Ne5 h6 11. Bh4 Nxe5 12. dxe5 Nd7 13. Bxe7 Qxe7 14. f4
g6 15. e4 b5 16. exd5 Bxd5 17. Be4 Nb6 18. Qf3 Qd7 19. Rad1 Qc6 20. c4 bxc4
21. Rc1 O-O 22. Rfe1 Rad8 23. Bxd5 Qxd5 24. Qxd5 exd5 25. Red1 f6 26. Nf3
fxe5 27. fxe5 d4 28. Re1 d3 29. Nd2 Rd4 30. Re4 Rf4 31. Rxd4 Rxd4 32. Nf3
Re4 33. Nd2 Rxe5 34. Nxc4 Nxc4 35. Rxc4 d2 36. Rd4 cxd4 37. h3 d1=Q+ 38. Kh2
Qf1 39. Kg3 Rg5+ 40. Kh4 Qxg2 {White resigns} 0-1

[Event "ICC Open 2015"]
[Site "Internet Chess Club"]
[Date "2015.05.29"]
[Round "7"]
[White "xionoula"]
[Black "BlitzPawn94"]
[Result "0-1"]
[ICCResult "White resigns"]
[WhiteElo "2204"]
[BlackElo "2625"]
[Opening "Queen's pawn: London system"]
[ECO "A45"]
[NIC "QP.07"]
[Time "15:17:01"]
[TimeControl "180+0"]

1. d4 Nf6 2. Bf4 g6 3. e3 Bg7 4. Nf3 O-O 5. Be2 d5 6. O-O b6 7. c3 Bb7 8. a4
Nbd7 9. a5 c5 10. axb6 axb6 11. Nbd2 Nh5 12. Bg5 h6 13. Bh4 g5 14. Ne1 Nhf6
15. Bg3 Ne4 16. Nxe4 dxe4 17. h4 Rxa1 18. Qxa1 Qa8 19. Nc2 e5 20. hxg5 hxg5
21. Bb5 Rd8 22. Rd1 exd4 23. cxd4 cxd4 24. Qxa8 Rxa8 25. Bxd7 d3 26. Nd4 Ra2
27. b3 Bd5 28. Ba4 Bxd4 29. exd4 b5 30. Bxb5 Bxb3 31. Rb1 Bc2 32. Rb4 d2 33.
Be2 Ra1+ 34. Kh2 Bd3 35. Bxd3 d1=Q 36. Rb8+ Kg7 37. Be5+ f6 38. Rb7+ Kh6 39.
Bxe4 Qh1+ 40. Kg3 Qh4+ 41. Kf3 Ra3+ 42. Ke2 Qxe4+ {White resigns} 0-1

[Event "ICC Open 2015"]
[Site "Internet Chess Club"]
[Date "2015.05.29"]
[Round "7"]
[White "HematiteBrown"]
[Black "capaldi"]
[Result "1-0"]
[ICCResult "Black resigns"]
[WhiteElo "2100"]
[BlackElo "1879"]
[Opening "Sicilian: Pelikan, Chelyabinsk variation"]
[ECO "B33"]
[NIC "SI.37"]
[Time "15:18:11"]
[TimeControl "180+0"]

1. e4 c5 2. Nf3 Nc6 3. d4 cxd4 4. Nxd4 Nf6 5. Nc3 e5 6. Ndb5 d6 7. Bg5 a6 8.
Na3 b5 9. Nd5 Be7 10. Bxf6 Bxf6 11. c3 Bg5 12. Nc2 O-O 13. h4 Bh6 14. g4 Bf4
15. Qf3 Be6 16. Nxf4 exf4 17. Qxf4 Ne5 18. f3 Bc4 19. O-O-O Qa5 20. a3 Qb6
21. h5 h6 22. g5 hxg5 23. Qxg5 Nxf3 24. Qg3 Qe3+ 25. Nxe3 {Black resigns}
1-0

[Event "ICC Open 2015"]
[Site "Internet Chess Club"]
[Date "2015.05.29"]
[Round "7"]
[White "Bleeksk"]
[Black "BoardLord"]
[Result "0-1"]
[ICCResult "White resigns"]
[WhiteElo "1960"]
[BlackElo "2182"]
[Opening "English: Carls' Bremen system"]
[ECO "A22"]
[NIC "EO.10"]
[Time "15:17:40"]
[TimeControl "180+0"]

1. c4 e5 2. Nc3 Nf6 3. g3 d6 4. Bg2 Be6 5. b3 c6 6. Nf3 Nbd7 7. d3 d5 8. O-O
Bb4 9. Qc2 d4 10. Ne4 Nxe4 11. dxe4 O-O 12. a3 Be7 13. Rd1 a5 14. e3 c5 15.
exd4 cxd4 16. Bd2 Qc7 17. Ng5 Bxg5 18. Bxg5 f6 19. Bd2 a4 20. Bf1 axb3 21.
Qxb3 Nc5 22. Qc2 Bd7 23. Rdc1 Ba4 24. Qb2 Nb3 25. Bb4 Rfc8 26. c5 Nxc1 27.
Rxc1 Kh8 28. Bc4 Bc6 29. f3 Rd8 30. h4 f5 31. exf5 Bxf3 32. Qf2 e4 33. h5 h6
34. Be6 Qe5 35. c6 bxc6 36. Rxc6 d3 37. Bc3 d2 38. Qxd2 Qxg3+ {White
resigns} 0-1

[Event "ICC Open 2015"]
[Site "Internet Chess Club"]
[Date "2015.05.29"]
[Round "7"]
[White "Yule"]
[Black "Volkov"]
[Result "0-1"]
[ICCResult "White resigns"]
[WhiteElo "2621"]
[BlackElo "2979"]
[Opening "French: Tarrasch, closed variation"]
[ECO "C05"]
[NIC "FR.16"]
[Time "15:18:00"]
[TimeControl "180+0"]

1. e4 e6 2. d4 d5 3. Nd2 Nf6 4. e5 Nfd7 5. f4 c5 6. Ngf3 Nc6 7. Nb3 a5 8. a4
Be7 9. c3 O-O 10. dxc5 Nxc5 11. Nbd4 Bd7 12. Be2 f6 13. exf6 Bxf6 14. O-O
Rc8 15. Bb5 Nxd4 16. Nxd4 Bxd4+ 17. Qxd4 Nb3 18. Qd1 Nxa1 19. Be3 Bxb5 20.
axb5 Qd7 21. b6 Qb5 22. Qxa1 e5 23. Qe1 d4 24. cxd4 exf4 25. Bxf4 Rce8 26.
Be5 Rxf1+ 27. Qxf1 Qxf1+ 28. Kxf1 Kf7 29. Ke2 Ke6 30. Bxg7 Rg8 31. Be5 Rxg2+
32. Kd3 Rxb2 33. Kc4 Rxb6 34. Bg3 a4 35. d5+ Kd7 36. Kc5 Rb1 {White resigns}
0-1

[Event "ICC Open 2015"]
[Site "Internet Chess Club"]
[Date "2015.05.29"]
[Round "7"]
[White "manitodeplomo"]
[Black "Dodgy"]
[Result "1-0"]
[ICCResult "Black resigns"]
[WhiteElo "2596"]
[BlackElo "2175"]
[Opening "Budapest defense"]
[ECO "A52"]
[NIC "QG.01"]
[Time "15:17:38"]
[TimeControl "180+0"]

1. d4 Nf6 2. c4 e5 3. dxe5 Ng4 4. e3 Nxe5 5. Nc3 Nbc6 6. f4 Ng6 7. Bd3 Bb4
8. Ne2 d6 9. O-O f5 10. Nd5 Ba5 11. b4 Bb6 12. a4 a5 13. Nxb6 cxb6 14. b5
Nce7 15. Bb2 O-O 16. Ng3 d5 17. Nh5 Rf7 18. Rc1 Be6 19. Bd4 Rc8 20. c5 bxc5
21. Bxc5 b6 22. Bd4 Rxc1 23. Qxc1 Nc8 24. Qb2 Qd7 25. Rc1 Nf8 26. Nxg7 Rxg7
27. Rxc8 Rxg2+ 28. Qxg2+ {Black resigns} 1-0

[Event "ICC Open 2015"]
[Site "Internet Chess Club"]
[Date "2015.05.29"]
[Round "7"]
[White "VolcanoExplorer"]
[Black "MeWantCookie"]
[Result "1-0"]
[ICCResult "Black resigns"]
[WhiteElo "1988"]
[BlackElo "1602"]
[Opening "Sicilian: accelerated fianchetto, modern variation"]
[ECO "B34"]
[NIC "SI.33"]
[Time "15:17:20"]
[TimeControl "180+0"]

1. e4 c5 2. Nf3 g6 3. d4 cxd4 4. Nxd4 Nc6 5. Nc3 Bg7 6. Nxc6 bxc6 7. Bc4 Nf6
8. O-O O-O 9. Be3 e6 10. e5 Nd5 11. Bxd5 cxd5 12. Bc5 Bxe5 13. Bxf8 Qxf8 14.
f4 Bxc3 15. bxc3 Qc5+ 16. Kh1 Qxc3 17. f5 Ba6 18. Rf3 Qc6 19. fxg6 hxg6 20.
Qd2 Rc8 21. Qf4 Rf8 22. Qh6 Qc3 23. Rxc3 {Black resigns} 1-0